 Dungeon Crawl Stone Soup version 0.28-a0-511-gcc94558de3 (webtiles) character file.

Game seed: 14062645373986975261

1 omnomnOMINOUS the Gusty (level 1, -1/11 HPs)
             Began as an Octopode Wanderer on Sept 21, 2021.
             Slain by a jackal (2 damage)
             ... on level 1 of the Dungeon.
             The game lasted 00:00:58 (21 turns).

omnomnOMINOUS the Gusty (Octopode Wanderer)           Turns: 21, Time: 00:00:59

Health: -1/11      AC:  1    Str: 11    XL:     1   Next: 20%
Magic:  1/1        EV: 13    Int: 13    God:
Gold:   0          SH:  0    Dex: 12    Spells: 0/0 levels left

rFire   . . .      SeeInvis .   a - +0 dagger
rCold   . . .      Faith    .   (no shield)
rNeg    . . .      Spirit   .   (helmet restricted)
rPois   .          Reflect  .   (no amulet)
rElec   .          Harm     .   (no ring)
rCorr   .          Rampage  .   (no ring)
Will    .....                   (no ring)
Stlth   ++........              (no ring)
HPRegen 0.03/turn               (no ring)
MPRegen 0.07/turn               (no ring)
                                (no ring)
                                (no ring)

@: no status effects
A: almost no armour, amphibious, 8 rings, camouflage 1, gelatinous body 1,
(nimble swimmer 1), tentacles
a: no special abilities


You were on level 1 of the Dungeon.
You visited 1 branch of the dungeon, and saw 1 of its levels.

Inventory:

Hand Weapons
 a - a +0 dagger (weapon)
Scrolls
 c - a scroll of teleportation
Potions
 d - a potion of cancellation {unknown}
Miscellaneous
 b - a piece from Xom's chessboard (15/15)


   Skills:
 + Level 0.1 Fighting
 + Level 2.0 Dodging
 - Level 1.0 Shields
 - Level 3.0 Unarmed Combat
 + Level 3.0 Air Magic
 - Level 1.1 Evocations


You couldn't memorise any spells.
You knew the following spells:

 Your Spells              Type           Power      Damage    Failure   Level
a - Shock                 Conj/Air       12%        1d3       17%         1

Your spell library contained the following spells:

 Spells                   Type           Power      Damage    Failure   Level
 Static Discharge         Conj/Air       3%         N/A       26%         2
 Swiftness                Air            7%         N/A       26%         3
 Airstrike                Air            3%         N/A       65%         4


Dungeon Overview and Level Annotations

Branches:
Dungeon (1/15)

Altars:


Innate Abilities, Weirdness & Mutations

You cannot wear most types of armour.
You are amphibious.
You can wear up to eight rings at the same time.
Your skin changes colour to match your surroundings (Stealth+).
Your rubbery body absorbs attacks. (AC +1, EV +1)
((You are camouflaged near water. (Stealth+)))
You have tentacles for arms and can constrict up to eight enemies at once.


Message History

A jackal is nearby!
A jackal comes into view.
The jackal barks!
A jackal comes into view.
A quokka comes into view.
The jackal moves out of view.
The jackal closely misses you.
The jackal barks!
You hit the jackal. You grab the jackal. Your squeeze misses the jackal.
The jackal is moderately wounded.
You constrict the jackal, but do no damage.
The jackal bites you.
You hit the jackal but do no damage.
The jackal is moderately wounded.
You constrict the jackal, but do no damage.
The jackal bites you but does no damage.
The jackal barks!
You hit the jackal. You squeeze the jackal.
You kill the jackal!
The quokka bites you.
The quokka bites you but does no damage.
You closely miss the quokka. Your grab misses the quokka.
Your squeeze misses the quokka. The quokka barely misses you.
You hit the quokka but do no damage. Your grab misses the quokka.
The quokka barely misses you. The jackal barely misses you.
Unknown command.
You hit the quokka but do no damage. You grab the quokka.
You squeeze the quokka, but do no damage.
You constrict the quokka, but do no damage.
The quokka bites you.
* * * LOW HITPOINT WARNING * * *
You barely miss the quokka.
You constrict the quokka, but do no damage.
The quokka closely misses you. The jackal bites you.
* * * LOW HITPOINT WARNING * * *
You hit the jackal but do no damage. You grab the jackal.
Your squeeze misses the jackal. You constrict the jackal.
You constrict the quokka. The jackal closely misses you. The quokka bites you.
* * * LOW HITPOINT WARNING * * *
The jackal bites you.
You die...

.# ### #.# # .. ..#
#.##.##..# .#.
........# .. ......#
####.#### #.hh.###.#
##.......## #.@r.....#
##.........###....#####
##...........##...>#
#.............#..###
#.............##..##
#.............#.#..#
.......<.........#..#
#.............#.#..#..
#...).........##.[...##


You could see a quokka and 2 jackals.

Vanquished Creatures
  A jackal (D:1)
1 creature vanquished.

Notes
Turn   | Place    | Note
-------+----------+-------------------------------------------
     0 | D:1      | omnomnOMINOUS the Octopode Wanderer began the quest for the
                  | Orb.
     0 | D:1      | omnomnOMINOUS set off with the following items: a +0
                  | dagger, a piece from Xom's chessboard (15/15), a scroll of
                  | teleportation; and the following spell memorised: Shock;
                  | and the following spells available to memorise: Static
                  | Discharge, Swiftness, Airstrike
     0 | D:1      | Reached XP level 1. HP: 11/11 MP: 1/1
    21 | D:1      | Slain by a jackal

Illustrated notes

Levels and vault maps discovered:
D:1:      psy_arrival_dodecagon, layout_basic, minmay_liquid_box,
          chequers_hall_statues_wall_a, minmay_pentomino_p4

Action                   || total
-------------------------++-------
Melee: Dagger            ||     8
       Constrict         ||     3
       Tentacles         ||     2
Armor: Skin              ||     2
Dodge: Dodged            ||     6

Table legend: (Time is in decaauts)
 A = Elapsed time spent in this place.
 B = Non-inter-level travel time spent in this place.
 C = Inter-level travel time spent in this place.
 D = Time resting spent in this place.
 E = Time spent auto-exploring this place.
 F = Levels seen in this place.
 G = Mean time per level.
                   A        B        C        D        E       F      G
               +--------+--------+--------+--------+--------+-----+--------+
         Total |     21 |     21 |      0 |      0 |      6 |   1 |   21.0 |
       Dungeon |     21 |     21 |      0 |      0 |      6 |   1 |   21.0 |
               +--------+--------+--------+--------+--------+-----+--------+

Top non-repeatable levels by time:
     D:1: 21 daAuts
